 Dungeon Crawl Stone Soup version 0.23-a0-478-g22ffb11 (webtiles) character file.

77 EvilAliv3 the Ruffian (level 4, -2/36 HPs)
             Began as a Minotaur Transmuter on Nov 27, 2018.
             Was a Plaything of Xom.
             Slain by Grinder (5 damage)
             ... on level 3 of the Dungeon on Nov 28, 2018.
             The game lasted 00:19:08 (1661 turns).

EvilAliv3 the Ruffian (Minotaur Transmuter)         Turns: 1661, Time: 00:19:08

Health: -2/36      AC:  3    Str: 13 (15) XL:     4   Next: 13%
Magic:  4/5        EV: 12    Int: 10 (11) God:    Xom [*.....]
Gold:   83         SH:  3    Dex: 10      Spells: 5/6 levels left

rFire    . . .     SeeInvis .     - Unarmed
rCold    . . .     Gourm    .   i - +0 buckler
rNeg     . . .     Faith    .   b - +0 robe
rPois    .         Spirit   .   (helmet restricted)
rElec    .         Reflect  .   (no cloak)
rCorr    .         Harm     .   c - +0 pair of gloves
MR       .....                  (boots currently unavailable)
Stlth    +.........             (no amulet)
HPRegen  0.12/turn              (no ring)
MPRegen  0.09/turn              (no ring)

@: appendage (expiring)
A: retaliatory headbutt, horns 2, talons 3, deterioration 2
a: End Transformation, Renounce Religion


You were on level 3 of the Dungeon.
You worshipped Xom.
You were a special plaything of Xom.
You were not hungry.
You had grown temporary talons.
You visited 1 branch of the dungeon, and saw 3 of its levels.

You collected 83 gold pieces.

Inventory:

Missiles
 a - 44 arrows
 e - 14 poisoned needles
 h - 10 sling bullets
Armour
 b - a +0 robe (worn)
 c - a +0 pair of gloves (worn)
 i - a +0 buckler (worn)
 j - a +0 plate armour
Jewellery
 t - a cursed -3 ring of protection {unknown}
Scrolls
 m - 2 scrolls of magic mapping {unknown}
 n - a scroll of fear {unknown}
 o - 2 scrolls of identify {unknown}
 p - 2 scrolls of remove curse {unknown}
 q - 2 scrolls of random uselessness {unknown}
 u - a scroll of enchant armour {unknown}
Potions
 f - a potion of might {unknown}
 g - a potion of berserk rage {unknown}
 k - a potion of degeneration {unknown}
 l - 2 potions of curing {unknown}
 s - a potion of agility {unknown}
Comestibles
 d - 5 rations
 r - 11 chunks of flesh


   Skills:
 + Level 2.0 Fighting
 + Level 2.7 Dodging
 * Level 1.5 Shields
 * Level 4.0 Unarmed Combat
 + Level 1.6 Spellcasting
 + Level 2.1 Transmutations


You had 5 spell levels left.
You knew the following spells:

 Your Spells              Type           Power        Failure   Level  Hunger
a - Beastly Appendage     Tmut           #.....       19%         1    ##.....

Your spell library contained the following spells:

 Spells                   Type           Power        Failure   Level  Hunger
 Sticks to Snakes         Tmut           #.......     28%         2    ###....
 Spider Form              Tmut/Pois      #.........   65%         3    ####...
 Ice Form                 Ice/Tmut       #.......     96%         4    #####..
 Blade Hands              Tmut           #.........   99%         5    ######.


Dungeon Overview and Level Annotations

Branches:
Dungeon (3/15)

Altars:
Elyvilon
Fedhas
Xom
Zin
The Shining One

Annotations:
D:3 Grinder


Innate Abilities, Weirdness & Mutations

You reflexively headbutt those who attack you in melee.
You have a pair of horns on your head.
You have claws for feet.
Your body often deteriorates upon taking damage.


Message History

Grinder is lightly wounded.
Grinder closely misses you. You furiously retaliate!
You headbutt Grinder! You barely miss Grinder. You claw Grinder.
Grinder is heavily wounded.
Grinder hits you.
You hit Grinder.
Grinder is heavily wounded.
Grinder barely misses you.
You hit Grinder.
Grinder is severely wounded.
Your transformation is almost over.
You barely miss Grinder. You claw Grinder, but do no damage.
Grinder is severely wounded.
Grinder gestures at you.
You barely resist. Grinder hits you!
* * * LOW HITPOINT WARNING * * *
Your body deteriorates!
You feel weakened.
You writhe in agony.
You die...
Xom laughs nastily!

..............).÷§.# ####...
.............####).##.#....##
.............# #....>#.#####
.......5###### #.#####......
....$...# #............
........# ########.....
........# #.....
........################.....
............@.÷........))....
....###.....5................
.... #..........(.......####
... #..................# ..
#..................#
###########........#
#........# #........#
#........#


You could see Grinder.

Vanquished Creatures
  An adder (D:2)
  An ooze (D:3)
  A worm (D:3)
  7 orcs (D:3)
  3 giant cockroaches
  5 goblins (D:1)
  6 hobgoblins
  5 jackals
  A quokka (D:3)
  A ball python (D:1)
  7 bats
  3 frilled lizards
  2 kobolds
  6 rats
49 creatures vanquished.

Notes
Turn   | Place    | Note
-------+----------+-------------------------------------------
     0 | D:1      | EvilAliv3 the Minotaur Transmuter began the quest for the
                  | Orb.
     0 | D:1      | Reached XP level 1. HP: 16/16 MP: 1/1
     0 | D:1      | Upgraded the game from 0.23-a0-473-gc8aadda to
                  | 0.23-a0-478-g22ffb11
   182 | D:1      | Reached XP level 2. HP: 21/23 MP: 0/3
   665 | D:2      | Found a blossoming altar of Fedhas.
   872 | D:2      | Found a faded altar of an unknown god.
   884 | D:2      | Reached skill level 1 in Shields
   884 | D:2      | Reached XP level 3. HP: 26/29 MP: 2/4
   892 | D:2      | Found a glowing golden altar of the Shining One.
   917 | D:2      | Became a worshipper of Xom of Chaos
   951 | D:2      | XOM: silly message
  1231 | D:2      | Found a glowing silver altar of Zin.
  1327 | D:3      | Found a white marble altar of Elyvilon.
  1356 | D:3      | XOM: mild Chrm miscast
  1504 | D:3      | Noticed Grinder
  1597 | D:3      | Reached skill level 4 in Unarmed Combat
  1597 | D:3      | Reached XP level 4. HP: 34/36 MP: 3/5
  1611 | D:3      | XOM is BORED!
  1611 | D:3      | XOM: give mutations
  1611 | D:3      | Gained mutation: Your body sometimes deteriorates upon
                  | taking damage. [Xom's mischief]
  1611 | D:3      | Gained mutation: Your body often deteriorates upon taking
                  | damage. [Xom's mischief]
  1647 | D:3      | Paralysed by Grinder for 7 turns
  1661 | D:3      | Slain by Grinder

Vault maps used:
D:1:      sevenhm_arrival_forest_fort_large_4
D:2:      lemuel_crystal_altar, lemuel_coloured_pillars_altar,
          chequers_ecumenical_altar_island, fedhas_altar_3
D:3:      lemuel_blue_sif_altar, first_ration, elyvilon_altar_5, uniq_grinder,
          uniq_robin

Skill      XL: |  1  2  3 |
---------------+----------+-----
Shields        | 1 |  1.5
Transmutations | 2 |  2.1
Fighting       | 2 |  2.0
Unarmed Combat | 4 |  4.0
Dodging        | |  2.7
Spellcasting   | |  1.6

Action                   |  1- 3 |  4- 6 || total
-------------------------+-------+-------++-------
Melee: Unarmed           |    95 |    20 ||   115
       Kick              |    15 |     4 ||    19
       Headbutt          |     5 |     2 ||     7
 Cast: Beastly Appendage |    15 |     1 ||    16
  Eat: Chunk             |     3 |       ||     3
Armor: Robe              |    24 |     2 ||    26
Dodge: Dodged            |    56 |     8 ||    64
Block: Buckler           |    14 |     1 ||    15

Table legend:
 A = Non-vault XP
 B = Vault XP
 C = Vault XP percentage of total XP
 D = Non-vault monster count
 E = Vault monster count
 F = Vault count percentage of total count
                 A         B        C        D         E       F
            +---------+---------+-------+---------+---------+-------
      Total |     110 |       0 |   0.0 |      49 |       0 |   0.0
            +---------+---------+-------+---------+---------+-------
        D:1 |      33 |       0 |   0.0 |      20 |       0 |   0.0
        D:2 |      26 |       0 |   0.0 |       9 |       0 |   0.0
        D:3 |      51 |       0 |   0.0 |      20 |       0 |   0.0
            +---------+---------+-------+---------+---------+-------
